 Dungeon Crawl Stone Soup version 0.26-a0-466-g989023bd0d (webtiles) character file.

Game seed: 4855561646812494295

219 vurker the Chopper (level 5, -2/48 HPs)
             Began as a Minotaur Delver on Aug 11, 2020.
             Slain by a wight
             ... wielding a +4 flail
              (12 damage)
             ... on level 3 of the Dungeon.
             The game lasted 00:04:03 (3517 turns).

vurker the Chopper (Minotaur Delver)                Turns: 3517, Time: 00:04:04

Health: -2/48      AC:  6    Str: 18    XL:     5   Next: 63%
Magic:  4/4        EV:  8    Int:  7    God:
Gold:   172        SH:  7    Dex: 11    Spells: 4/4 levels left

rFire    . . .     SeeInvis .   a - +0 hand axe
rCold    . . .     Faith    .   q - +0 kite shield
rNeg     . . .     Spirit   .   r - +0 ring mail
rPois    .         Reflect  .   (helmet restricted)
rElec    .         Harm     .   (no cloak)
rCorr    .                      h - +0 pair of gloves
MR       .....                  (no boots)
Stlth    ++........             (no amulet)
HPRegen  0.16/turn              (no ring)
MPRegen  0.09/turn              (no ring)

@: drained
A: retaliatory headbutt, horns 2
a: no special abilities


You were on level 3 of the Dungeon.
You visited 1 branch of the dungeon, and saw 5 of its levels.

You collected 172 gold pieces.

Inventory:

Hand Weapons
 a - a +0 hand axe (weapon)
Armour
 h - a +0 pair of gloves (worn)
   (You found it on level 3 of the Dungeon)
 q - a +0 kite shield (worn)
   (You found it on level 1 of the Dungeon)
 r - a +0 ring mail (worn)
   (You found it on level 1 of the Dungeon)
Wands
 v - a wand of digging (3)
Scrolls
 c - a scroll of fog
 d - 2 scrolls of magic mapping
 e - a scroll of fear
 g - a scroll of amnesia {unknown}
 i - 3 scrolls of teleportation {unknown}
 m - 2 scrolls of enchant armour {unknown}
 n - 2 scrolls of identify {unknown}
 p - 2 scrolls of remove curse
Potions
 b - a potion of magic {unknown}
 f - 3 potions of haste
 j - 4 potions of curing {unknown}
 k - 3 potions of heal wounds {unknown}
 l - 2 potions of cancellation {unknown}
 o - a potion of degeneration {unknown}


   Skills:
 + Level 5.0(4.4) Fighting
 * Level 5.5(4.9) Axes
 + Level 1.2(0.6) Armour
 + Level 2.6(2.0) Dodging
 - Level 4.1(3.5) Stealth
 + Level 1.3(0.8) Shields


You had 4 spell levels left.
You didn't know any spells.
Your spell library was empty.

Dungeon Overview and Level Annotations

Branches:
Dungeon (5/15)
 Temple: D:4-7

Altars:
Ashenzari
Kikubaaqudgha
Nemelex Xobeh
Xom


Innate Abilities, Weirdness & Mutations

You reflexively headbutt those who attack you in melee.
You have a pair of horns on your head.


Message History

An ogre is nearby!
There is a stone staircase leading up here.
A wight comes into view. It is wielding a +2 battleaxe.
Found 18 gold pieces. 3 wights come into view.
A wight is wielding a +1 flail and wearing a +2 robe of the Archmagi.
A wight is wielding a +3 morningstar and wearing a +0 robe of positive energy.
Found a spear.
The wight barely misses you.
You barely miss the wight. You headbutt the wight. You hit the wight.
The wight barely misses you.
You closely miss the wight. You barely miss the wight.
You hit the wight but do no damage. You hit the wight.
The wight hits you with a +1 flail.
You feel drained. The wight closely misses you. You furiously retaliate!
You headbutt the wight.
You hit the wight but do no damage. x2; The wight hits you with a +1 flail.
The wight hits you with a +4 flail.
You hit the wight. x2; The wight hits you with a +1 flail.
The wight closely misses you.
You hit the wight but do no damage. You hit the wight.
The wight hits you with a +1 flail. You block the wight's attack.
You hit the wight. You closely miss the wight.
The wight hits you but does no damage. The wight hits you with a +4 flail!
* * * LOW HITPOINT WARNING * * *
You feel drained.
* * * LOW HITPOINT WARNING * * *
The wight hits you but does no damage.
There is a stone staircase leading up here.
The wight barely misses you.
You climb upwards.
There is a stone staircase leading down here.
The wight hits you with a +4 flail.
* * * LOW HITPOINT WARNING * * *
The wight hits you but does no damage. The wight barely misses you.
There is an open door here.
You block the wight's attack.
Quiver which item? (- for none, * to show all) (? for menu, Esc to quit)
Quiver which item? (- for none, * to show all) (? for menu, Esc to quit)
You don't have any such object.
Quiver which item? (- for none, * to show all) (? for menu, Esc to quit)
Huh?
Quiver which item? (- for none, * to show all) (? for menu, Esc to quit)
Huh?
Quiver which item? (- for none, * to show all) (? for menu, Esc to quit)
Huh?
Quiver which item? (- for none, * to show all) (? for menu, Esc to quit)
Okay, then.
Unknown command.
You closely miss the wight. The wight hits you with a +4 flail!
You die...

#.........# #.........#####
#.............. #..............
#########...... #......
############# #......
#...........###############......
#......)..>.'.zz@.........'......
#........†..########.######......
#........)..# #.# #......
#...........# #.# #......
#...........########.#########...
##########...................'...
####################'#########...
............#####.........# #...
..........).)...'...)[....# #...


You could see 2 wights.

Vanquished Creatures
  An orc wizard (D:3)
  Jessica (D:2)
  A worker ant (D:3)
  Robin (D:2)
  2 adders (D:2)
  2 worms (D:3)
  A dart slug (D:2)
  2 leopard geckos (D:1)
  9 orcs (D:3)
  9 bats
  8 giant cockroaches
  12 goblins
  12 hobgoblins
  A quokka (D:3)
  2 ball pythons
  6 frilled lizards
  9 kobolds
  A quokka skeleton (D:4)
  7 rats
87 creatures vanquished.

Notes
Turn   | Place    | Note
-------+----------+-------------------------------------------
     0 | D:5      | vurker the Minotaur Delver began the quest for the Orb.
     0 | D:5      | Reached XP level 1. HP: 19/19 MP: 0/0
    20 | D:5      | Noticed a centaur
    79 | D:3      | Reached XP level 2. HP: 25/27 MP: 1/1
   477 | D:2      | Noticed Robin
   537 | D:2      | Reached XP level 3. HP: 33/33 MP: 2/2
   573 | D:2      | Noticed Jessica
   580 | D:2      | Killed Jessica
   621 | D:2      | Killed Robin
   621 | D:2      | Reached XP level 4. HP: 37/41 MP: 3/3
  1341 | D:1      | Reached skill level 5 in Axes
  2842 | D:3      | Reached XP level 5. HP: 45/47 MP: 4/4
  2887 | D:3      | Reached skill level 1 in Armour
  2991 | D:3      | Reached skill level 5 in Fighting
  2991 | D:3      | Reached skill level 1 in Shields
  3355 | D:3      | Found a stormy altar of Qazlal.
  3357 | D:3      | Found a sparkling altar of Nemelex Xobeh.
  3357 | D:3      | Found a shimmering altar of Xom.
  3359 | D:3      | Found a shimmering altar of Xom.
  3359 | D:3      | Found a shattered altar of Ashenzari.
  3359 | D:3      | Found an ancient bone altar of Kikubaaqudgha.
  3485 | D:4      | Noticed an ogre
  3517 | D:3      | Slain by a wight

Illustrated notes

Levels and vault maps discovered:
D:1:      minmay_arrival_wavy_path, layout_loops_corners
D:2:      layout_loops_ring, uniq_jessica, uniq_robin
D:3:      layout_basic, doesnt_xom_only_xom
D:4:      kennysheep_goblin_castle, layout_rooms, saegor_snake_ambush,
          uniq_duvessa
D:5:      layout_rooms, nicolae_overflow_crystal_walls, lemuel_crystal_altar,
          minmay_temple_entry_glass, serial_bayou, serial_bayou_lagoon_a,
          serial_bayou_pond_a, serial_bayou_lake_a, serial_bayou_shore_b,
          uniq_pikel, uniq_prince_ribbit1

Skill      XL: |  1  2  3  4  5 |
---------------+----------------+-----
Axes           | 3 4 5 |  5.5
Fighting       | 4 5 |  5.0
Armour         | 1 |  1.2
Shields        | 1 |  1.3
Dodging        | |  2.6
Stealth        | |  4.1

Action                   |  1- 3 |  4- 6 || total
-------------------------+-------+-------++-------
Melee: Hand axe          |    54 |   144 ||   198
       Headbutt          |    12 |    18 ||    30
  Use: Scroll            |       |     1 ||     1
 Stab: Sleeping          |     1 |     7 ||     8
Armor: Leather armour    |    13 |    20 ||    33
       Ring mail         |       |    48 ||    48
Dodge: Dodged            |    24 |    66 ||    90
Block: Kite shield       |       |    42 ||    42

Table legend: (Time is in decaauts)
 A = Elapsed time spent in this place.
 B = Non-inter-level travel time spent in this place.
 C = Inter-level travel time spent in this place.
 D = Time resting spent in this place.
 E = Time spent auto-exploring this place.
 F = Levels seen in this place.
 G = Mean time per level.
                   A        B        C        D        E       F      G
               +--------+--------+--------+--------+--------+-----+--------+
         Total |   3541 |   3487 |     54 |      0 |   2838 |   5 |  708.2 |
       Dungeon |   3541 |   3487 |     54 |      0 |   2838 |   5 |  708.2 |
               +--------+--------+--------+--------+--------+-----+--------+

Top non-repeatable levels by time:
     D:2: 1540 daAuts
     D:3: 1073 daAuts
     D:1: 846 daAuts
     D:4: 42 daAuts
     D:5: 39 daAuts
